 Dungeon Crawl Stone Soup version 0.32-a0-18-g89e19f1974 (webtiles) character file.

Game seed: 7946659998122471285

26 Malachi the Nimble (level 3, -1/42 HPs)
             Began as a Gnoll Wanderer on Jan 16, 2024.
             Slain by an iguana (8 damage)
             ... on level 4 of the Dungeon.
             The game lasted 00:02:54 (1385 turns).

Malachi the Nimble (Gnoll Wanderer)                 Turns: 1385, Time: 00:02:54

Health: -1/42      AC: 21    Str:  8    XL:     3   Next: 8%
Magic:  7/7        EV:  2    Int: 11    God:
Gold:   69         SH:  0    Dex: 16    Spells: 7/7 levels left

rFire   . . .        a - +0 dagger
rCold   . . .        (no shield)
rNeg    . . .        e - melded +0 leather armour
rPois   +            (helmet currently unavailable)
rElec   .            (cloak currently unavailable)
rCorr   +            (gloves currently unavailable)
SInv    .            (boots currently unavailable)
Will    .....        (no amulet)
Stlth   +++          g - ring of resist corrosion
HPRegen 0.27/turn    (no ring)
MPRegen 0.10/turn

%: no passive effects
@: tree-form, attractive
A: stationary, stasis, torment immunity, boosted hp, (fangs 1), strong nose,
distributed training, (talons 1), (fire resistance 2), MP-powered wands
a: no special abilities


You were on level 4 of the Dungeon.
You were a tree.
You visited 1 branch of the dungeon, and saw 4 of its levels.

You collected 69 gold pieces.

Inventory:

Hand Weapons
 a - a +0 dagger (weapon)
Missiles
 b - 2 throwing nets (quivered)
Armour
 e - a +0 leather armour (melded)
Jewellery
 g - a ring of resist corrosion (left branch)
Scrolls
 d - 2 scrolls of silence
 f - a scroll of blinking
 h - a scroll of teleportation {unknown}
 i - a scroll of enchant armour {unknown}
 j - a scroll of acquirement {unknown}
 k - a scroll of amnesia {unknown}
 l - 3 scrolls of identify {unknown}
 n - a scroll of enchant weapon {unknown}
 q - a scroll of vulnerability {unknown}
Potions
 p - a potion of attraction


   Skills:
 + Level 2.5 Fighting
 + Level 0.6 Short Blades
 + Level 0.6 Long Blades
 + Level 0.6 Axes
 + Level 0.6 Maces & Flails
 + Level 0.6 Polearms
 + Level 0.6 Staves
 + Level 0.6 Ranged Weapons
 + Level 0.6 Throwing
 + Level 0.6 Armour
 + Level 10.4 Dodging
 + Level 4.1 Stealth
 + Level 0.6 Shields
 + Level 0.6 Unarmed Combat
 + Level 2.8 Spellcasting
 + Level 0.4 Conjurations
 + Level 2.1 Hexes
 + Level 0.4 Summonings
 + Level 0.4 Necromancy
 + Level 0.4 Translocations
 + Level 0.4 Fire Magic
 + Level 0.4 Ice Magic
 + Level 0.4 Air Magic
 + Level 0.4 Earth Magic
 + Level 0.4 Alchemy
 + Level 0.8 Invocations
 + Level 0.6 Evocations
 + Level 0.5 Shapeshifting


You had 7 spell levels left.
You didn't know any spells.
Your spell library contained the following spells:

 Spells                   Type           Power      Damage    Failure   Level
 Jinxbite                 Hex            12%        N/A       17%         2
 Ensorcelled Hibernation  Hex/Ice        8%         N/A       24%         2
 Lesser Beckoning         Tloc           4%         N/A       32%         2
 Fugue of the Fallen      Necr           2%         N/A       54%         3
 Gell's Gravitas          Tloc           2%         N/A       54%         3
 Ozocubu's Armour         Ice            2%         N/A       54%         3
 Teleport Other           Tloc           2%         N/A       54%         3
 Manifold Assault         Tloc           2%         N/A       91%         4


Dungeon Overview and Level Annotations

Branches:
Dungeon (4/15)
 Temple: D:4-7

Altars:


Innate Abilities, Weirdness & Mutations

You are a tree.
Your roots penetrate the ground, keeping you stationary.
You cannot be teleported.
You are immune to unholy pain and torment.
Your maximum health is greatly increased.
Your equipment is partially melded.
((You have very sharp teeth.))
Your uncanny sense of smell can sniff out nearby items.
Your experience applies equally to all skills.
((You have sharp toenails.))
((Your flesh is very heat resistant. (rF++)))
You expend magic power (3 MP) to strengthen your wands.


Message History

A sleepcap is nearby!
A sleepcap is nearby!
You start resting.
An iguana comes into view.
An iguana is nearby!
An iguana is nearby!
An iguana is nearby!
An iguana is nearby!
The iguana hisses angrily.
You hear an angry hiss.
You barely miss the iguana. You claw the iguana.
The iguana is lightly wounded.
The iguana bites you but does no damage.
The adder hisses angrily.
You hit the iguana but do no damage. You claw the iguana, but do no damage.
You bite the iguana, but do no damage.
The iguana is lightly wounded.
The iguana bites you.
You barely miss the iguana.
The iguana is lightly wounded.
You barely miss the iguana. You claw the iguana, but do no damage.
The iguana is lightly wounded.
The iguana bites you!
Ouch! That really hurt!
* * * LOW HITPOINT WARNING * * *
You completely miss the iguana. You claw the iguana, but do no damage.
The iguana is lightly wounded.
The iguana bites you but does no damage.
Unknown command.
It was a potion of lignification.
You turn into a tree.
Your +0 leather armour melds into your body.
Your roots penetrate the ground.
The iguana bites you but does no damage.
It was a potion of attraction.
You feel attractive to monsters.
The iguana bites you but does no damage.
Okay, then.
You barely miss the iguana.
The iguana is lightly wounded.
The iguana bites you!
You die...

#### #...#####
. #.......# #.#
#.......#.#.###
#....(S.#..B..
#.... ......#
#...###.#...#
#..Sl♣#<..# .
###.#.#.#......
#.#.#.#......
#.#.....#....
#.....#.# ...
#.....#.# ##
#>.....$..
###.###f## ...
.$.


You could see an iguana and an adder.

Vanquished Creatures
  An adder (D:2)
  A ball python (D:1)
  3 giant cockroaches
  A goblin (D:1)
  A hobgoblin (D:2)
  4 bats (D:2)
  2 kobolds (D:1)
  5 rats
18 creatures vanquished.

Notes
Turn   | Place    | Note
-------+----------+-------------------------------------------
     0 | D:1      | Reached skill level 10 in Dodging
     0 | D:1      | Malachi the Gnoll Wanderer began the quest for the Orb.
     0 | D:1      | Malachi set off with the following items: a +0 dagger, 2
                  | throwing nets, a potion of mutation, a scroll of silence, a
                  | +0 leather armour; and the following spells available to
                  | memorise: Jinxbite, Ensorcelled Hibernation.
     0 | D:1      | Reached XP level 1. HP: 17/17 MP: 4/4
   101 | D:1      | Found a faded altar of an unknown god.
   286 | D:1      | Reached XP level 2. HP: 18/23 MP: 5/5
   631 | D:2      | Gained mutation: You expend magic power (3 MP) to
                  | strengthen your wands. [potion of mutation]
   631 | D:2      | Gained mutation: You have sharp toenails. [potion of
                  | mutation]
   631 | D:2      | Gained mutation: Your flesh is heat resistant. (rF+)
                  | [potion of mutation]
   631 | D:2      | Gained mutation: Your flesh is very heat resistant. (rF++)
                  | [potion of mutation]
   845 | D:2      | Reached XP level 3. HP: 27/28 MP: 7/7
  1385 | D:4      | Slain by an iguana

Illustrated notes

Levels and vault maps discovered:
D:1:      elethiomel_arrival_shortcut, layout_rooms,
          shapermc_ecumenical_altar_mp_highgroup
D:2:      layout_loops_ring
D:3:      layout_basic, serial_shops, nicolae_shop_stone,
          chequers_serial_rivers_small_b
D:4:      layout_basic, gammafunk_temple_overflow_forgotten,
          cheibrodos_gnoll_hut

Skill      XL: |  1 |
---------------+----+-----
Dodging        | | 10.4
Hexes          | 2 |  2.1
Fighting       | |  2.5
Short Blades   | |  0.6
Long Blades    | |  0.6
Axes           | |  0.6
Maces & Flails | |  0.6
Polearms       | |  0.6
Staves         | |  0.6
Ranged Weapons | |  0.6
Throwing       | |  0.6
Armour         | |  0.6
Stealth        | |  4.1
Shields        | |  0.6
Unarmed Combat | |  0.6
Spellcasting   | |  2.8
Conjurations   | |  0.4
Summonings     | |  0.4
Necromancy     | |  0.4
Translocations | |  0.4
Fire Magic     | |  0.4
Ice Magic      | |  0.4
Air Magic      | |  0.4
Earth Magic    | |  0.4
Alchemy        | |  0.4
Invocations    | |  0.8
Evocations     | |  0.6
Shapeshifting  | |  0.5

Action                     || total
---------------------------++-------
  Melee: Dagger            ||    78
         Bite              ||     5
         Kick              ||    11
         Punch             ||     2
    Use: Potion            ||     4
         Scroll            ||     2
   Stab: Sleeping          ||     3
 Armour: Leather armour    ||    36
         Skin              ||     3
  Dodge: Dodged            ||    51

Table legend: (Time is in decaauts)
 A = Elapsed time spent in this place.
 B = Non-inter-level travel time spent in this place.
 C = Inter-level travel time spent in this place.
 D = Time resting spent in this place.
 E = Time spent auto-exploring this place.
 F = Levels seen in this place.
 G = Mean time per level.
                   A        B        C        D        E       F      G
               +--------+--------+--------+--------+--------+-----+--------+
         Total |   1385 |   1261 |    124 |     12 |   1005 |   4 |  346.2 |
       Dungeon |   1385 |   1261 |    124 |     12 |   1005 |   4 |  346.2 |
               +--------+--------+--------+--------+--------+-----+--------+

Top non-repeatable levels by time:
     D:1: 631 daAuts
     D:2: 580 daAuts
     D:3: 143 daAuts
     D:4: 30 daAuts
